 Dungeon Crawl Stone Soup version 0.25-a0-424-g80bd347ae0 (webtiles) character file.

Game seed: 6110983544851734350, levelgen mode: deterministic

241 ChaosChampion the Insei (level 6, -1/39 HPs)
             Began as an Octopode Transmuter on Jan 23, 2020.
             Slain by an orc wizard
             ... wielding a +0 dagger
              (5 damage)
             ... on level 4 of the Dungeon.
             The game lasted 00:08:12 (2855 turns).

ChaosChampion the Insei (Octopode Transmuter)       Turns: 2855, Time: 00:08:12

Health: -1/39      AC:  1    Str:  9    XL:     6   Next: 8%
Magic:  8/10       EV: 14    Int: 17    God:
Gold:   149        SH:  0    Dex: 13    Spells: 5/11 levels left

rFire    . . .     SeeInvis .     - Unarmed
rCold    . . .     Gourm    .   (no shield)
rNeg     . . .     Faith    .   (helmet restricted)
rPois    .         Spirit   .   (no amulet)
rElec    .         Reflect  .   (no ring)
rCorr    .         Harm     .   (no ring)
MR       .....                  (no ring)
Stlth    ++........             (no ring)
HPRegen  0.13/turn              (no ring)
MPRegen  0.12/turn              (no ring)
                                (no ring)
                                (no ring)

@: confused
A: almost no armour, stealthy swim, amphibious, 8 rings, constrict 8, camouflage
1, gelatinous body 1
a: no special abilities


You were on level 4 of the Dungeon.
You were very hungry.

You visited 1 branch of the dungeon, and saw 4 of its levels.

You collected 149 gold pieces.

Inventory:

Missiles
 a - 31 arrows
 h - 4 atropa-tipped darts
 k - a javelin (quivered)
Armour
 o - a +3 scale mail of cold resistance
Wands
 u - a wand of random effects (24)
Scrolls
 b - a scroll of teleportation
 j - a scroll of fog
 r - a scroll of amnesia
Potions
 d - a potion of lignification
 g - 2 potions of magic
 i - a potion of berserk rage
 l - a potion of agility {unknown}
 n - a potion of heal wounds {unknown}
 q - a potion of might {unknown}
 s - a potion of brilliance {unknown}
Comestibles
 c - 11 rations


   Skills:
 + Level 2.0 Fighting
 + Level 2.5 Dodging
 * Level 3.5 Stealth
 * Level 3.9 Unarmed Combat
 * Level 3.1 Spellcasting
 * Level 3.2 Transmutations


You had 5 spell levels left.
You knew the following spells:

 Your Spells              Type           Power        Failure   Level  Hunger
a - Beastly Appendage     Tmut           ##....       4%          1    None
b - Sticks to Snakes      Tmut           ##......     7%          2    ##.....
c - Spider Form           Tmut/Pois      #.........   26%         3    ###....

Your spell library contained the following spells:

 Spells                   Type           Power        Failure   Level  Hunger
 Ice Form                 Ice/Tmut       #.......     65%         4    ####...
 Blade Hands              Tmut           ##........   78%         5    ######.


Dungeon Overview and Level Annotations

Branches:
Dungeon (4/15)
 Temple: D:4-7

Altars:


Innate Abilities, Weirdness & Mutations

You cannot wear most types of armour.
You are very stealthy in the water. (Stealth+)
You are amphibious.
You can wear up to eight rings at the same time.
You can use your tentacles to constrict eight enemies at once.
Your skin changes colour to match your surroundings (Stealth+).
Your rubbery body absorbs attacks. (AC +1, EV +1)


Message History

The magic dart hits you.
* * * LOW HITPOINT WARNING * * *
You closely miss something. Something hits you but does no damage.
You miss something. Something hits you.
* * * LOW HITPOINT WARNING * * *
You tentacle-slap something. Something hits you.
* * * LOW HITPOINT WARNING * * *
You feel better. Something hits you.
* * * LOW HITPOINT WARNING * * *
You miss something.
You hear some strange, mumbled words.
You are confused.
You completely miss something. Something hits you.
* * * LOW HITPOINT WARNING * * *
You bump into the rock wall.
You hear some strange, mumbled words.
You are more confused.
You tentacle-slap something but do no damage.
Something hits you.
You die...

#####.#
#.....#
#.######.#####
..........#
.#######..#
#..# #..# #..#
#.@# #{)# #..#
...# ....#
.#...# #....##
##...#


There were no monsters in sight!

Vanquished Creatures
  2 orc wizards
  A gnoll (D:2)
  4 adders
  2 worms (D:2)
  A dart slug (D:3)
  4 leopard geckos
  7 orcs
  4 ball pythons
  14 bats
  3 giant cockroaches (D:1)
  12 goblins
  11 hobgoblins
  A quokka (D:3)
  3 frilled lizards
  12 kobolds
  5 rats
86 creatures vanquished.

Vanquished Creatures (collateral kills)
  Jessica (D:2)
  Terence (D:2)
  2 orcs (D:3)
  A goblin (D:2)
  A hobgoblin (D:2)
  A quokka (D:3)
7 creatures vanquished.

Grand Total: 93 creatures vanquished

Notes
Turn   | Place    | Note
-------+----------+-------------------------------------------
     0 | D:1      | ChaosChampion the Octopode Transmuter began the quest for
                  | the Orb.
     0 | D:1      | Reached XP level 1. HP: 13/13 MP: 3/3
   125 | D:1      | Reached XP level 2. HP: 11/18 MP: 3/5
   129 | D:1      | Learned a level 2 spell: Sticks to Snakes
   189 | D:1      | Reached skill level 1 in Stealth
   357 | D:1      | Reached XP level 3. HP: 23/23 MP: 6/6
   951 | D:2      | Learned a level 3 spell: Spider Form
  1069 | D:2      | Reached XP level 4. HP: 25/28 MP: 1/7
  1073 | D:2      | Noticed Jessica
  1112 | D:2      | Killed Jessica
  1593 | D:2      | Noticed Terence
  1602 | D:2      | Killed Terence
  1628 | D:2      | Reached XP level 5. HP: 28/33 MP: 3/9
  2835 | D:4      | Reached XP level 6. HP: 30/39 MP: 6/10
  2855 | D:4      | Slain by an orc wizard

Levels and vault maps discovered:
D:1:      dpeg_arrival_prison, layout_loops_ring
D:2:      minmay_skewed_foursquare, layout_basic, first_ration, uniq_jessica,
          uniq_terence
D:3:      layout_rooms, serial_park_tiny_1, minmay_crystal_room,
          guppyfry_early_orc_mine
D:4:      layout_loops_ring, serial_shops, shop, fedhas_altar_1

Skill      XL: |  1  2  3  4  5 |
---------------+----------------+-----
Stealth        | 1 2 3 |  3.5
Transmutations | 3 |  3.2
Spellcasting   | 3 |  3.1
Fighting       | 2 |  2.0
Dodging        | |  2.5
Unarmed Combat | |  3.9

Action                   |  1- 3 |  4- 6 || total
-------------------------+-------+-------++-------
Melee: Unarmed           |    75 |   136 ||   211
       Kick              |    12 |       ||    12
       Constrict         |    19 |    14 ||    33
       Tentacles         |     7 |    11 ||    18
       Punch             |     4 |       ||     4
Throw: Javelin           |    19 |     2 ||    21
       Dart              |     1 |       ||     1
 Cast: Beastly Appendage |    10 |       ||    10
       Sticks to Snakes  |     2 |     9 ||    11
       Spider Form       |     1 |    15 ||    16
  Use: Potion            |       |     2 ||     2
       Scroll            |       |     9 ||     9
 Stab: Sleeping          |     2 |     9 ||    11
  Eat: Chunk             |       |     5 ||     5
       Ration            |       |     1 ||     1
Armor: Skin              |       |    11 ||    11
Dodge: Dodged            |    44 |   107 ||   151

Table legend:
 A = Non-vault XP
 B = Vault XP
 C = Vault XP percentage of total XP
 D = Non-vault monster count
 E = Vault monster count
 F = Vault count percentage of total count
                 A         B        C        D         E       F
            +---------+---------+-------+---------+---------+-------
      Total |     244 |     101 |  29.3 |      77 |      16 |  17.2
            +---------+---------+-------+---------+---------+-------
        D:1 |      53 |       5 |   8.6 |      30 |       3 |   9.1
        D:2 |      94 |      79 |  45.7 |      18 |       6 |  25.0
        D:3 |      58 |      17 |  22.7 |      26 |       7 |  21.2
        D:4 |      39 |       0 |   0.0 |       3 |       0 |   0.0
            +---------+---------+-------+---------+---------+-------
